 Dungeon Crawl Stone Soup version 0.28-a0-1435-g82390b3a13 (webtiles) character file.

Game seed: 2302922964595048730

68 knot the Chopper (level 4, 20/35 HPs)
             Began as a Demonspawn Berserker on Jan 10, 2022.
             Was a Follower of Trog.
             Quit the game on level 3 of the Dungeon.
             The game lasted 00:01:34 (3354 turns).

knot the Chopper (Demonspawn Berserker)             Turns: 3354, Time: 00:01:35

Health: 20/35      AC:  4    Str: 18    XL:     4   Next: 1%
Magic:  4/4        EV: 12    Int: 10    God:    Trog [*.....]
Gold:   53         SH:  0    Dex: 12    Spells: 3/3 levels left

rFire   . . .      SeeInvis .   a - +0 hand axe
rCold   . . .      Faith    .   (no shield)
rNeg    . . .      Spirit   .   b - +0 animal skin
rPois   .          Reflect  .   (no helmet)
rElec   .          Harm     .   (no cloak)
rCorr   .          Rampage  .   (no gloves)
Will    .....                   (no boots)
Stlth   +.........              (no amulet)
HPRegen 0.11/turn               (no ring)
MPRegen 0.18/turn               (no ring)

@: no status effects
A: claws 1, icy blue scales 1, magic regeneration
a: Renounce Religion, Berserk


You were on level 3 of the Dungeon.
You worshipped Trog.
Trog was aware of your devotion.
You visited 1 branch of the dungeon, and saw 3 of its levels.

You collected 53 gold pieces.

Inventory:

Hand Weapons
 a - a +0 hand axe (weapon)
Missiles
 c - 98 stones (quivered)
 k - 25 sling bullets
Armour
 b - a +0 animal skin (worn)
Jewellery
 d - a ring of fire
Wands
 h - a wand of iceblast (11)
Scrolls
 e - 2 scrolls of identify {unknown}
 g - a scroll of acquirement {unknown}
 i - a scroll of noise {unknown}
 j - a scroll of teleportation {unknown}
Potions
 f - a potion of heal wounds {unknown}


   Skills:
 - Level 3.0 Fighting
 + Level 4.4 Axes
 - Level 1.7 Armour
 - Level 1.7 Dodging


You had 3 spell levels left.
You didn't know any spells.
Your spell library contained the following spells:

 Spells                   Type           Power      Damage    Failure   Level
 Pain                     Necr           0%         1d4       36%         1
 Agony                    Necr           0%         N/A       100%        5
 Excruciating Wounds      Necr           0%         N/A       100%        5


Dungeon Overview and Level Annotations

Branches:
Dungeon (3/15)

Altars:
Dithmenos


Innate Abilities, Weirdness & Mutations

You have sharp fingernails.
You are partially covered in icy blue scales. (AC +2)
You regenerate magic rapidly.


Message History

You hit the adder but do no damage.
The adder is almost dead.
The adder bites you but does no damage.
You barely miss the adder.
The adder is almost dead.
The adder bites you. x2
You are poisoned.
The adder poisons you!
You hit the adder.
You kill the adder!
Trog accepts your kill.
You feel sick.
No target in view!
No target in view!
No target in view!
No target in view!
You feel sick.
You feel sick.
You feel sick.
You feel sick.
You feel sick.
You feel sick.
You are no longer poisoned.
An orc comes into view. It is wielding a +0 club.
An orc is nearby!
An orc is nearby!
The orc shouts!
You see here a ball python corpse.
You hit the orc but do no damage. The orc closely misses you.
You completely miss the orc. The orc misses you.
You hit the orc.
The orc is heavily wounded.
The orc closely misses you.
You hit the orc.
You kill the orc!
Trog accepts your kill.
You have reached level 4!
You feel stronger.
Your demonic ancestry asserts itself...
Icy blue scales grow over part of your body.
Are you sure you want to abandon this character and quit the game? (Confirm with "yes".)

.........#.##
.........+...
.........#..###
..........#... #
..........#..## .#
..........#...#..#
......)...#......#
.......@).#<..#
........†.....#.#
#########.......#
#...$#.##
#...........)
#.............
#..............
#.............(
###...#####...


There were no monsters in sight!

Vanquished Creatures
  3 adders
  2 dart slugs
  2 orcs (D:3)
  7 endoplasms
  4 goblins
  5 kobolds
  A quokka (D:1)
  3 ball pythons
  2 bats (D:2)
  2 frilled lizards (D:2)
  4 rats
35 creatures vanquished.

Notes
Turn   | Place    | Note
-------+----------+-------------------------------------------
     0 | D:1      | knot the Demonspawn Berserker began the quest for the Orb.
     0 | D:1      | Reached XP level 1. HP: 18/18 MP: 1/1
   431 | D:1      | Reached skill level 3 in Axes
   538 | D:1      | Gained mutation: You regenerate magic rapidly. [demonic
                  | ancestry]
   538 | D:1      | Reached XP level 2. HP: 11/24 MP: 2/2
  1733 | D:2      | Found a faded altar of an unknown god.
  1802 | D:2      | Found a shadowy altar of Dithmenos.
  2151 | D:2      | Gained mutation: You have sharp fingernails. [demonic
                  | ancestry]
  2151 | D:2      | Reached XP level 3. HP: 21/29 MP: 3/3
  2572 | D:2      | Reached skill level 4 in Axes
  3354 | D:3      | Gained mutation: You are partially covered in icy blue
                  | scales. (AC +2) [demonic ancestry]
  3354 | D:3      | Reached XP level 4. HP: 20/35 MP: 4/4
  3354 | D:3      | Quit the game

Illustrated notes

Levels and vault maps discovered:
D:1:      dpeg_arrival_round_c, layout_loops_corners
D:2:      layout_basic, basic_altar, basic_ecumenical_altar, minmay_hedge_maze,
          st_stairs_4
D:3:      layout_basic, kennysheep_generic_room_16

Skill      XL: |  1  2  3 |
---------------+----------+-----
Axes           | 3 4 |  4.4
Fighting       | |  3.0
Armour         | |  1.7
Dodging        | |  1.7

Action                   |  1- 3 |  4- 6 || total
-------------------------+-------+-------++-------
Melee: Hand axe          |    97 |       ||    97
       Punch             |     1 |       ||     1
Invok: Berserk           |     4 |       ||     4
 Stab: Sleeping          |     3 |       ||     3
Armor: Animal skin       |    11 |       ||    11
Dodge: Dodged            |    68 |       ||    68

Table legend: (Time is in decaauts)
 A = Elapsed time spent in this place.
 B = Non-inter-level travel time spent in this place.
 C = Inter-level travel time spent in this place.
 D = Time resting spent in this place.
 E = Time spent auto-exploring this place.
 F = Levels seen in this place.
 G = Mean time per level.
                   A        B        C        D        E       F      G
               +--------+--------+--------+--------+--------+-----+--------+
         Total |   3415 |   3375 |     40 |   1202 |   1913 |   3 | 1138.3 |
       Dungeon |   3415 |   3375 |     40 |   1202 |   1913 |   3 | 1138.3 |
               +--------+--------+--------+--------+--------+-----+--------+

Top non-repeatable levels by time:
     D:1: 1692 daAuts
     D:2: 1642 daAuts
     D:3: 80 daAuts
